 Dungeon Sprint DCSS version 0.23.2-1-ga50397a (webtiles) character file.

Game seed: 2480095184658274159

5 doot the Vandal (level 1, -8/14 HPs)
             Began as a Halfling Hunter on Apr 15, 2019.
             Was an Initiate of Qazlal.
             Mangled by an earth elemental (21 damage)
             ... in the Dungeon (Sprint V: "Ziggurat Sprint").
             The game lasted 00:02:35 (123 turns).

doot the Vandal (Halfling Hunter)                    Turns: 123, Time: 00:02:35

Health: -8/14      AC:  3    Str: 13    XL:     1   Next: 88%
Magic:  1/1        EV: 14    Int:  9    God:    Qazlal [......]
Gold:   0          SH:  0    Dex: 14    Spells: 0/0 levels left

rFire    . . .     SeeInvis .   a - +1 hunting sling
rCold    . . .     Gourm    .   (shield restricted)
rNeg     . . .     Faith    .   c - +0 leather armour
rPois    .         Spirit   .   (no helmet)
rElec    .         Reflect  .   (no cloak)
rCorr    .         Harm     .   (no gloves)
MR       .....     NoTele   +   (no boots)
Stlth    +.........             (no amulet)
HPRegen  0.04/turn              (no ring)
MPRegen  0.07/turn              (no ring)

@: no status effects
A: small, mutation resistance 1
a: Renounce Religion


You were in the Dungeon.
You worshipped Qazlal.
Qazlal was noncommittal.
You were not hungry.

You visited 1 branch

Inventory:

Hand Weapons
 a - a +1 hunting sling (weapon)
 b - a +0 short sword
 G - a +5 quick blade
 H - a +5 fustibalus
Missiles
 d - 1009 sling bullets (quivered)
Armour
 c - a +0 leather armour (worn)
Jewellery
 A - a +6 ring of dexterity
 B - a +6 ring of dexterity
 C - a +6 ring of intelligence
 D - a +6 ring of intelligence
 E - a +6 ring of strength
 F - a +6 ring of strength
Wands
 x - a wand of disintegration (7)
 y - a wand of iceblast (7)
 z - a wand of acid (7)
Scrolls
 k - 4 scrolls of blinking
 r - 4 scrolls of amnesia
 s - 7 scrolls of fog
 t - a scroll of holy word
 u - 5 scrolls of identify
 v - 5 scrolls of remove curse
 w - 2 scrolls of fear
Potions
 e - 10 potions of curing
 g - 10 potions of heal wounds
 h - 6 potions of haste
 i - 7 potions of magic
 j - 3 potions of berserk rage
 l - 2 potions of brilliance
 m - 2 potions of invisibility
 n - 4 potions of resistance
 o - a potion of experience
 p - 5 potions of agility
 q - 5 potions of might
Comestibles
 f - 7 rations


   Skills:
 + Level 2.0 Fighting
 + Level 7.5 Slings
 + Level 2.4 Dodging
 + Level 1.1 Stealth


You couldn't memorise any spells.
You didn't know any spells.
Your spell library was empty.

Dungeon Overview and Level Annotations

Branches:
Dungeon (1/1)

Altars:
Ashenzari
Cheibriados
Dithmenos
Elyvilon
Fedhas
Gozag
Hepliaklqana
Kikubaaqudgha
Makhleb
Nemelex Xobeh
Okawaru
Qazlal
Ru
Sif Muna
Trog
Uskayaw
Vehumet
Wu Jian
Xom
Yredelemnul
Zin
The Shining One
Beogh
Jiyva
Lugonu

Annotations:
D 1 transporter


Innate Abilities, Weirdness & Mutations

You are small and have problems with some larger weapons.
You are somewhat resistant to further mutation.


Message History

Aim: an earth elemental (lightly damaged)
You shoot a sling bullet.
The sling bullet hits the earth elemental!
The earth elemental is moderately damaged.
The earth elemental barely misses you.
Firing (i - inventory)
d - 1011 sling bullets (quivered)
Press: ? - help, Shift-Dir - straight line, f/p - earth elemental
Aim: an earth elemental (moderately damaged)
You shoot a sling bullet.
The sling bullet hits the earth elemental but does no damage.
The earth elemental is moderately damaged.
Firing (i - inventory)
d - 1010 sling bullets (quivered)
Press: ? - help, Shift-Dir - straight line, f/p - earth elemental
Aim: an earth elemental (moderately damaged)
You shoot a sling bullet.
The sling bullet hits the earth elemental!
The earth elemental is heavily damaged.
The earth elemental hits you!!
Ouch! That really hurt!
You die...

▓▓▓▓▓▓▓
▓.8©8.▓
▓.....▓
▓.).=.▓
▓..(..▓
▓.@E..▓
▓..©..▓
▓▓▓▓▓▓▓


You could see an earth elemental.

Vanquished Creatures
  An ufetubus (D)
1 creature vanquished.

Notes
Turn   | Place    | Note
-------+----------+-------------------------------------------
     0 | D        | Found the +6 Majin-Bo {vamp, Archmagi MP+6 Int+6}
     0 | D        | Found the +7 great mace "Firestarter" {inner flame, rF++}
     0 | D        | doot the Halfling Hunter began the quest for the Orb.
     0 | D        | Reached XP level 1. HP: 14/14 MP: 1/1
     1 | D        | Found a blossoming altar of Fedhas.
     2 | D        | Found a viscous altar of Jiyva.
     2 | D        | Found a hazy altar of Hepliaklqana.
     2 | D        | Found a transporter.
     2 | D        | Found an opulent altar of Gozag.
     2 | D        | Found an ancient bone altar of Kikubaaqudgha.
     2 | D        | Found a corrupted altar of Lugonu.
    25 | D        | Found a deep blue altar of Sif Muna.
    25 | D        | Found a sacrificial altar of Ru.
    25 | D        | Found a bloodstained altar of Trog.
    25 | D        | Found a stormy altar of Qazlal.
    25 | D        | Found an iron altar of Okawaru.
    25 | D        | Found a sparkling altar of Nemelex Xobeh.
    27 | D        | Found a burning altar of Makhleb.
    42 | D        | Found the +9 heavy crossbow "Sniper" {velocity, Acc+∞ SInv}
    42 | D        | Found the +10 dark maul {crush}
    42 | D        | Found the +15 Maxwell's patent armour {-Cast -Tele rElec
                  | MR+ rCorr}
    42 | D        | Found the +18 shield of the Gong {rElec rN+ MR+ EV-5}
    42 | D        | Found the cursed +14 obsidian axe {chop, +Fly SInv *Curse}
    43 | D        | Found the +6 shillelagh "Devastator" {shatter}
    43 | D        | Found the +11 plutonium sword {*Contam Stlth-}
    43 | D        | Found the +8 lance "Wyrmbane" {slay drac, rPois rF+ rC+
                  | AC+3}
    43 | D        | Found the +9 sword of Zonguldrok {reap}
    43 | D        | Found the cursed +13 scythe of Curses {drain, *Curse}
    43 | D        | Found the +0 sword of Power
    43 | D        | Found the +7 mace of Variability {chain chaos}
    43 | D        | Found the +7 Singing Sword {slice, sonic wave}
    43 | D        | Found the +7 longbow "Piercer" {penet, EV-2}
   102 | D        | Became a worshipper of Qazlal Stormbringer
   110 | D        | Entered arena 2.
   110 | D        | Noticed an earth elemental
   110 | D        | Found a transporter.
   114 | D        | Reached skill level 7 in Slings
   123 | D        | Mangled by an earth elemental

Skill      XL: |  1 |
---------------+----+-----
Fighting       | 2 |  2.0
Slings         | 7 |  7.5
Dodging        | |  2.4
Stealth        | |  1.1

Action                   || total
-------------------------++-------
 Fire: Hunting sling     ||    11
Armor: Leather armour    ||     2
Dodge: Dodged            ||     6
